 Dungeon Crawl Stone Soup version 0.30.1-11-g7821555f0a (webtiles) character file.

Game seed: 748490755898179653

71 fireball365 the Trooper (level 4, -5/40 HPs)
             Began as a Hill Orc Fighter on Dec 10, 2023.
             Slain by Crazy Yiuf
             ... wielding a +3 quarterstaff of chaos
              (13 damage)
             ... on level 2 of the Dungeon.
             The game lasted 00:03:12 (1822 turns).

fireball365 the Trooper (Hill Orc Fighter)          Turns: 1822, Time: 00:03:13

Health: -5/40      AC:  9    Str: 20    XL:     4   Next: 24%
Magic:  4/4        EV: 12    Int:  8    God:
Gold:   102        SH:  9    Dex: 10    Spells: 3/3 levels left

rFire   . . .        a - +1 war axe
rCold   . . .        c - +0 buckler
rNeg    . . .        e - +0 chain mail
rPois   .            (no helmet)
rElec   .            (no cloak)
rCorr   .            (no gloves)
SInv    .            (no boots)
Will    .....        h - amulet of reflection Stlth
                     (no ring)
HPRegen 0.26/turn    (no ring)
MPRegen 0.09/turn

%: reflection
@: agile
A: no striking features
a: no special abilities


You were on level 2 of the Dungeon.
You visited 1 branch of the dungeon, and saw 2 of its levels.

You collected 102 gold pieces.

Inventory:

Hand Weapons
 a - a +1 war axe (weapon)
Missiles
 o - 10 poisoned darts (quivered)
Armour
 b - a +0 scale mail
 c - a +0 buckler (worn)
 e - a +0 chain mail (worn)
Jewellery
 h - an amulet of reflection (around neck)
Scrolls
 f - 2 scrolls of teleportation {unknown}
 j - 2 scrolls of enchant weapon
 k - a scroll of poison
 l - a scroll of immolation {unknown}
 n - a scroll of blinking {unknown}
 p - a scroll of noise {unknown}
Potions
 d - 3 potions of might
 g - a potion of haste {unknown}
 i - 2 potions of curing
 m - a potion of magic {unknown}
 q - a potion of brilliance {unknown}


   Skills:
 + Level 4.2 Fighting
 + Level 4.0 Axes
 + Level 3.8 Armour
 + Level 0.4 Dodging
 + Level 3.7 Shields


You had 3 spell levels left.
You didn't know any spells.
Your spell library contained the following spells:

 Spells                   Type           Power      Damage    Failure   Level
 Call Canine Familiar     Summ           0%         N/A       100%        3
 Portal Projectile        Hex/Tloc       0%         N/A       100%        3
 Leda's Liquefaction      Hex/Erth       0%         N/A       100%        4


Dungeon Overview and Level Annotations

Branches:
Dungeon (2/15)

Altars:

Annotations:
D:2 Crazy Yiuf


Message History

Crazy Yiuf hits you with a +3 quarterstaff of chaos.
You are poisoned.
You slash Crazy Yiuf!
Crazy Yiuf is moderately wounded.
You feel very sick.
Crazy Yiuf whimpers, "Two!"
Crazy Yiuf hits you with a +3 quarterstaff of chaos!
You are electrocuted!
* * * LOW HITPOINT WARNING * * *
Crazy Yiuf closely misses you.
You feel better. You block Crazy Yiuf's attack.
You hit Crazy Yiuf but do no damage.
Crazy Yiuf is moderately wounded.
Crazy Yiuf yells, "East!"
Crazy Yiuf hits you with a +3 quarterstaff of chaos.
You barely miss Crazy Yiuf.
Crazy Yiuf is moderately wounded.
Crazy Yiuf hits you with a +3 quarterstaff of chaos.
You barely miss Crazy Yiuf.
Crazy Yiuf is moderately wounded.
Crazy Yiuf hits you with a +3 quarterstaff of chaos.
* * * LOW HITPOINT WARNING * * *
You are poisoned.
Crazy Yiuf completely misses you.
You feel better. Crazy Yiuf hits you but does no damage.
You feel agile all of a sudden.
You barely miss Crazy Yiuf.
Crazy Yiuf is moderately wounded.
Crazy Yiuf misses you.
You barely miss Crazy Yiuf.
Crazy Yiuf is moderately wounded.
Crazy Yiuf hits you with a +3 quarterstaff of chaos!
* * * LOW HITPOINT WARNING * * *
Crazy Yiuf burns you.
* * * LOW HITPOINT WARNING * * *
You slash Crazy Yiuf!
Crazy Yiuf is almost dead.
Crazy Yiuf cries, "Line!"
Crazy Yiuf hits you with a +3 quarterstaff of chaos!
You die...

##### #)..#
############ #...#
#..........# ...
#.########## #g#
#.#........# #@##
#.#.######## ##.#
#.#.######## #.##
#.#........# ##.#
..#..#####.# ##.##
..#..#...#.# ##...#
###### )).........#
#....# #...>#
.)#..#<.)..# ##..##
####.#
..#..##########....#
#.#


You could see Crazy Yiuf.

Vanquished Creatures
  Terence (D:2)
  A ball python (D:1)
  4 endoplasms
  A giant cockroach (D:2)
  7 goblins
  5 hobgoblins (D:2)
  2 jackals (D:1)
  9 kobolds
  2 quokkas
  5 bats
  A frilled lizard (D:2)
  2 rats (D:2)
40 creatures vanquished.

Notes
Turn   | Place    | Note
-------+----------+-------------------------------------------
     0 | D:1      | fireball365 the Hill Orc Fighter began the quest for the
                  | Orb.
     0 | D:1      | Reached XP level 1. HP: 19/19 MP: 1/1
   112 | D:1      | Reached XP level 2. HP: 17/27 MP: 2/2
   877 | D:2      | Noticed Terence
   880 | D:2      | Reached XP level 3. HP: 23/33 MP: 3/3
   886 | D:2      | Killed Terence
   991 | D:2      | Reached XP level 4. HP: 34/40 MP: 4/4
  1047 | D:2      | Found a runed translucent door.
  1048 | D:2      | Noticed Crazy Yiuf
  1822 | D:2      | Slain by Crazy Yiuf

Illustrated notes

Levels and vault maps discovered:
D:1:      mushboom_english_gardens, layout_basic, chequers_serial_rivers_room_a,
          nicolae_figureground_pulse
D:2:      layout_basic, small_statue_intersection, minmay_statues_item,
          uniq_crazy_yiuf_cottage, uniq_terence

Skill      XL: |  1  2  3  4 |
---------------+-------------+-----
Fighting       | 4 |  4.2
Axes           | 3 4 |  4.0
Armour         | |  3.8
Dodging        | |  0.4
Shields        | |  3.7

Action                     |  1- 3 |  4- 6 || total
---------------------------+-------+-------++-------
  Melee: War axe           |    48 |    27 ||    75
    Use: Scroll            |     5 |       ||     5
         Potion            |       |     2 ||     2
 Armour: Scale mail        |    29 |       ||    29
         Chain mail        |    16 |     8 ||    24
  Dodge: Dodged            |    41 |     4 ||    45
  Block: Buckler           |    47 |     8 ||    55
         Reflection        |     2 |     1 ||     3
